[Event "Titled Tuesday Blitz April 25 Early 2023"]
[White "Schut, Han"]
[Black "Shimelkov, Vasiliy"]
[WhiteFideId "1005561"]
[BlackFideId "13701630"]
[WhiteElo "2024"]
[BlackElo "2073"]
[Result "1-0"]
[Round "06"]
[TimeControl "180+2"]
[Date "2023.04.25"]
[WhiteClock "0:00:23"]
[BlackClock "0:01:00"]

1. e4 c5 2. Nf3 Nc6 3. d4 cxd4 4. Nxd4 Nf6 5. Nc3 e6 6. Ndb5 Bb4 7. a3 Bxc3+ 8. Nxc3 d5 9. exd5 exd5 10. Bd3 Bg4 11. f3 Bh5 12. O-O O-O 13. b4 Re8 14. Bg5 Bg6 15. Bxg6 hxg6 16. Bxf6 Qxf6 17. Nxd5 Qg5 18. c4 Rad8 19. Re1 Rxe1+ 20. Qxe1 Ne5 21. f4 Nf3+ 22. Kf2 Nxe1 23. fxg5 Nd3+ 24. Ke3 Ne5 25. Kd4 Nc6+ 26. Kc3 b5 27. cxb5 Ne5 28. Rd1 Rc8+ 29. Kb3 Kf8 30. a4 Ng4 31. h3 Nf2 32. Rd4 Rc1 33. b6 axb6 34. Nxb6 Rb1+ 35. Kc4 Rc1+ 36. Kb5 f5 37. a5 1-0


[Site "https://www.chess.com"]

[Event "Titled Tuesday Blitz April 25 Early 2023"]
[White "Benaddi, Mouhcine"]
[Black "Aguilar, Juan"]
[WhiteFideId "9001050"]
[BlackFideId "3800091"]
[WhiteElo "2036"]
[BlackElo "2409"]
[Result "0-1"]
[Round "06"]
[TimeControl "180+2"]
[Date "2023.04.25"]
[WhiteClock "0:01:57"]
[BlackClock "0:01:12"]

1. Nf3 c5 2. g3 Nc6 3. Bg2 g6 4. c4 Bg7 5. Nc3 d6 6. O-O e6 7. d3 Nge7 8. Rb1 b6 9. Bd2 Bb7 10. a3 Qd7 11. b4 Rd8 12. e3 O-O 13. Qc2 Ba8 14. Rfd1 h6 15. Be1 Ne5 16. Nxe5 Bxe5 17. Bxa8 Rxa8 18. d4 cxd4 19. exd4 Bg7 20. d5 Nf5 21. dxe6 fxe6 22. Ne4 Nd4 23. Qd3 Rf3 24. Qf1 Raf8 25. Bc3 Rxc3 26. Nxc3 Nf3+ 27. Kg2 Bxc3 28. Rd3 Qb7 0-1


[Site "https://www.chess.com"]

[Event "Titled Tuesday Blitz April 25 Early 2023"]
[White "Dwilewicz, Katarzyna"]
[Black "Singh, Arvinder Preet"]
[WhiteFideId "1148486"]
[BlackFideId "5013240"]
[WhiteElo "2065"]
[BlackElo "2124"]
[Result "0-1"]
[Round "06"]
[TimeControl "180+2"]
[Date "2023.04.25"]
[WhiteClock "0:00:05"]
[BlackClock "0:00:22"]

1. e4 c5 2. Nf3 d6 3. Bb5+ Nd7 4. O-O a6 5. Bxd7+ Bxd7 6. d4 e6 7. Nc3 Ne7 8. Re1 Ng6 9. Bg5 Be7 10. Bxe7 Qxe7 11. dxc5 dxc5 12. Nd5 Qd8 13. Ne3 O-O 14. Nc4 Bc6 15. Qe2 b5 16. Rad1 Qc7 17. Ncd2 c4 18. Nf1 Rfd8 19. Qe3 Qa5 20. a3 Rac8 21. h4 c3 22. h5 Ne7 23. Qc5 Qc7 24. Qxc3 Rxd1 25. Rxd1 h6 26. Ng3 Qb7 27. Qe3 Be8 28. c3 a5 29. Rd4 Nc6 30. Rd6 b4 31. axb4 axb4 32. Nd4 Ne5 33. Ngf5 exf5 34. Nxf5 Ng4 35. Qg3 Qxe4 36. Nd4 Qe1# 0-1


[Site "https://www.chess.com"]

[Event "Titled Tuesday Blitz April 25 Early 2023"]
[White "Carrasco Miranda, Andres"]
[Black "Coelho, Ramyres Santana"]
[WhiteFideId "3405990"]
[BlackFideId "2120690"]
[WhiteElo "2183"]
[BlackElo "1888"]
[Result "0-1"]
[Round "06"]
[TimeControl "180+2"]
[Date "2023.04.25"]
[WhiteClock "0:02:10"]
[BlackClock "0:00:32"]

1. d4 Nf6 2. c4 g6 3. g3 d6 4. Bg2 Bg7 5. Nc3 O-O 6. Nf3 c6 7. O-O Qc7 8. e4 e5 9. h3 exd4 10. Nxd4 Re8 11. Be3 Nbd7 12. Qc2 Nc5 13. Rad1 Qe7 14. Rfe1 Nfxe4 15. Nxe4 Nxe4 16. Bxe4 Qxe4 17. Bd2 Qxc2 18. Rxe8+ Bf8 19. Bh6 Qxd1+ 20. Kh2 Bxh3 21. Rxa8 Bc8 22. Rxc8 Qh5+ 23. Kg2 Qxh6 24. Nf3 Kg7 25. Rc7 Qc1 26. b3 h6 27. Rxb7 Qa3 28. Nd4 Kf6 29. Nxc6 Qxa2 30. Nxa7 Qa6 0-1


[Site "https://www.chess.com"]

[Event "Titled Tuesday Blitz April 25 Early 2023"]
[White "Clawitter, Craig"]
[Black "Silvestre, Christian"]
[WhiteFideId "2023105"]
[BlackFideId "30956269"]
[WhiteElo "2225"]
[BlackElo "2349"]
[Result "0-1"]
[Round "06"]
[TimeControl "180+2"]
[Date "2023.04.25"]
[WhiteClock "0:00:01"]
[BlackClock "0:01:36"]

1. e4 c6 2. d4 d5 3. e5 a6 4. c4 Bf5 5. Nc3 e6 6. h4 h6 7. Nge2 b5 8. cxd5 cxd5 9. Ng3 Bh7 10. Bd3 Bxd3 11. Qxd3 Nc6 12. Be3 Rc8 13. h5 Na5 14. b3 Bb4 15. Bd2 Ne7 16. O-O O-O 17. Rac1 Ba3 18. Rc2 Nac6 19. Nce2 Bb4 20. Rfc1 Ba3 21. Rd1 Qb6 22. Kh2 Bb4 23. f4 Bxd2 24. Qxd2 Rc7 25. Rdc1 Rfc8 26. f5 exf5 27. Qf4 Nd8 28. Nxf5 Nxf5 29. Qxf5 Ne6 30. Rxc7 Rxc7 0-1


[Site "https://www.chess.com"]

[Event "Titled Tuesday Blitz April 25 Early 2023"]
[White "Melaugh, Shane"]
[Black "Floresvillar Gonzalez, Luis Migu"]
[WhiteFideId "2509580"]
[BlackFideId "5100542"]
[WhiteElo "2034"]
[BlackElo "2040"]
[Result "0-1"]
[Round "06"]
[TimeControl "180+2"]
[Date "2023.04.25"]
[WhiteClock "0:00:02"]
[BlackClock "0:00:18"]

1. d4 e6 2. c4 Nf6 3. Nc3 d5 4. Bg5 Be7 5. e3 c6 6. Bd3 Nbd7 7. Nge2 dxc4 8. Bxc4 e5 9. O-O O-O 10. Qc2 exd4 11. Nxd4 Ne5 12. Be2 Bg4 13. Rad1 Qc7 14. h3 Bxe2 15. Ncxe2 Rad8 16. Nf5 h6 17. Bh4 Nd5 18. Bg3 Bf6 19. a3 Rfe8 20. Ned4 Qc8 21. b4 a6 22. e4 Ne7 23. f4 Nxf5 24. Nxf5 Ng6 25. Nd6 Rxd6 26. Rxd6 Be7 27. Rd2 Qc7 28. e5 Bh4 29. Bxh4 Nxh4 30. Kh2 g6 31. Qc3 Nf5 32. g4 Ne7 33. Rfd1 Qb6 34. Qg3 Nd5 35. Kg2 Ne3+ 36. Kf3 Nxd1 37. Rxd1 Qb5 38. Rd6 Qf1+ 39. Ke3 Qc1+ 40. Kf3 Qxa3+ 41. Kg2 Qxb4 42. Qd3 Qb2+ 43. Kf3 Qb6 44. Rxg6+ Kf8 45. Rxh6 Re6 46. Rh8+ Ke7 47. Rh5 Qb5 0-1


[Site "https://www.chess.com"]

[Event "Titled Tuesday Blitz April 25 Early 2023"]
[White "Degtiarev, Evgeny"]
[Black "Grossboss19"]
[WhiteFideId "4149610"]
[WhiteElo "2284"]
[BlackElo "2207"]
[Result "0-1"]
[Round "06"]
[TimeControl "180+2"]
[Date "2023.04.25"]
[WhiteClock "0:00:06"]
[BlackClock "0:00:32"]

1. d4 Nf6 2. c4 g6 3. Nc3 Bg7 4. e4 d6 5. h3 O-O 6. Be3 c5 7. d5 e6 8. Nf3 exd5 9. exd5 Re8 10. Bd3 Bf5 11. Bxf5 gxf5 12. O-O Ne4 13. Qc2 Na6 14. a3 Nc7 15. Rfe1 a6 16. Bf4 Bxc3 17. bxc3 Qf6 18. Nd2 Nxc3 19. Kf1 b5 20. Rac1 Rxe1+ 21. Rxe1 bxc4 22. Nxc4 N3xd5 23. Bxd6 Re8 24. Be5 Qg6 25. Rd1 Qe6 26. f4 Nb5 27. Qf2 f6 28. Qxc5 Nxf4 29. Bxf4 Qe2+ 30. Kg1 Qxd1+ 31. Kh2 Qd4 32. Qc6 Qxf4+ 0-1


[Site "https://www.chess.com"]

[Event "Titled Tuesday Blitz April 25 Early 2023"]
[White "Della Corte, Alessandro"]
[Black "Ciuffoletti, Paolo"]
[WhiteFideId "813540"]
[BlackFideId "807630"]
[WhiteElo "2205"]
[BlackElo "2143"]
[Result "1/2-1/2"]
[Round "06"]
[TimeControl "180+2"]
[Date "2023.04.25"]
[WhiteClock "0:02:10"]
[BlackClock "0:00:10"]

1. e4 c5 2. Nf3 Nc6 3. Nc3 Nf6 4. d3 g6 5. g3 Bg7 6. Bg2 O-O 7. O-O d5 8. exd5 Nxd5 9. Nxd5 Qxd5 10. Re1 Qd8 11. Bf4 Bxb2 12. Ne5 Bd7 13. Nxc6 Bxc6 14. Bxc6 bxc6 15. Be5 Bxa1 16. Bxa1 f6 17. Qe2 e5 18. f4 Qd5 19. fxe5 fxe5 20. Qxe5 Qxe5 21. Rxe5 Rae8 22. Rxe8 Rxe8 23. Kf2 Kf7 24. c4 Ke6 25. Bb2 Rb8 26. Ba3 Ke5 27. Bxc5 Rb2+ 28. Ke3 Rxa2 29. h4 a5 30. d4+ Ke6 31. Ke4 a4 32. d5+ cxd5+ 33. cxd5+ Kd7 34. Ke5 a3 35. Kf6 Ra1 36. Kg7 a2 37. Bd4 Rd1 38. Bf6 a1=Q 39. Bxa1 Rxa1 40. Kxh7 Rg1 41. Kxg6 Rxg3+ 42. Kf6 Kd6 43. h5 Kxd5 44. h6 Rh3 45. Kg7 Ke6 46. h7 Rg3+ 47. Kf8 Rf3+ 48. Kg7 Rg3+ 49. Kf8 Rh3 50. Kg7 Ke7 51. h8=Q Rxh8 52. Kxh8 1/2-1/2


[Site "https://www.chess.com"]

[Event "Titled Tuesday Blitz April 25 Early 2023"]
[White "Todorovic, Bojan"]
[Black "Putri, Regita Desyari"]
[WhiteFideId "917087"]
[BlackFideId "7109083"]
[WhiteElo "2266"]
[BlackElo "1930"]
[Result "0-1"]
[Round "06"]
[TimeControl "180+2"]
[Date "2023.04.25"]
[WhiteClock "0:00:01"]
[BlackClock "0:00:02"]

1. Nf3 d5 2. c4 e6 3. g3 Nf6 4. Bg2 c5 5. O-O Be7 6. d4 O-O 7. cxd5 Nxd5 8. Nc3 b6 9. Nxd5 exd5 10. Ne5 Be6 11. Be3 c4 12. b3 cxb3 13. axb3 f6 14. Nd3 Nc6 15. Qd2 Na5 16. Rfb1 Bf7 17. Nb4 Rc8 18. Bh3 Ra8 19. Rxa5 Bxb4 20. Qxb4 bxa5 21. Qc5 Qb6 22. Bf4 Rfe8 23. e3 Bg6 24. Qxd5+ Kh8 25. Rc1 Be4 26. Qc5 Qxb3 27. Bd7 Red8 28. Qe7 Qb7 29. Bc7 Rg8 30. Be6 Bh1 31. d5 Bxd5 32. Bxg8 Rxg8 33. e4 Bxe4 34. Re1 Bh1 35. Kf1 Bg2+ 36. Ke2 Qb5+ 37. Kd2 Qd5+ 38. Kc1 Qc4+ 39. Kd2 Bf3 40. Re3 Qd4+ 41. Kc2 Qc4+ 42. Kd2 Qa2+ 43. Kc3 Bc6 44. Kd4 Qa1+ 45. Kc5 Qc1+ 46. Kd6 Ba4 47. Ke6 Qc4+ 48. Kf5 Bc2+ 0-1


[Site "https://www.chess.com"]

[Event "Titled Tuesday Blitz April 25 Early 2023"]
[White "Zaichenko, Daria"]
[Black "Tarnowska, Aleksandra"]
[WhiteFideId "4197453"]
[BlackFideId "1180967"]
[WhiteElo "2039"]
[BlackElo "1776"]
[Result "1/2-1/2"]
[Round "06"]
[TimeControl "180+2"]
[Date "2023.04.25"]
[WhiteClock "0:00:10"]
[BlackClock "0:00:03"]

1. e4 c5 2. Nf3 e6 3. d4 cxd4 4. Nxd4 a6 5. Nc3 Qc7 6. Bd3 Nc6 7. Nb3 Nf6 8. O-O b5 9. Be3 Ne5 10. f4 Nxd3 11. cxd3 d6 12. Rc1 Qd7 13. e5 dxe5 14. fxe5 Nd5 15. Nxd5 Qxd5 16. d4 Bb7 17. Qg4 h5 18. Qe2 h4 19. Qf2 Qd7 20. Nc5 Bxc5 21. Rxc5 Rc8 22. Rfc1 Rxc5 23. Rxc5 h3 24. g3 O-O 25. b4 Ba8 26. Kf1 Bg2+ 27. Ke2 Rc8 28. Kd1 Rxc5 29. bxc5 Qd5 30. Qd2 Qc4 31. Qc2 Qf1+ 32. Kd2 Bf3 33. Kc3 Qa1+ 34. Kd2 Qf1 35. Kc3 Qc4+ 36. Kb2 Qb4+ 37. Qb3 Qe1 38. Qc3 Qe2+ 39. Qd2 Qc4 40. Qc2 Qb4+ 41. Qb3 Qe1 42. Qc3 Qe2+ 43. Qd2 Qc4 44. Qc3 Qe2+ 1/2-1/2


[Site "https://www.chess.com"]

[Event "Titled Tuesday Blitz April 25 Early 2023"]
[White "GregLeBarbare"]
[Black "Mihajlovskij"]
[WhiteElo "2162"]
[BlackElo "2305"]
[Result "0-1"]
[Round "06"]
[TimeControl "180+2"]
[Date "2023.04.25"]
[WhiteClock "0:00:05"]
[BlackClock "0:02:05"]

1. d4 Nf6 2. Bf4 g6 3. Nf3 Bg7 4. c3 d6 5. Nbd2 O-O 6. h3 c5 7. dxc5 dxc5 8. e4 Nc6 9. Bb5 Qb6 10. a4 a6 11. Nc4 Qd8 12. Bxc6 bxc6 13. Qe2 Be6 14. O-O Nd7 15. Rfd1 Qe8 16. Rd2 h6 17. Rad1 Ra7 18. Na5 Qc8 19. e5 g5 20. Bg3 Rd8 21. Qe4 Bd5 22. Rxd5 cxd5 23. Rxd5 Nf8 24. Rxd8 Qxd8 25. Nc6 Qd1+ 26. Kh2 Rd7 27. h4 Ne6 28. hxg5 hxg5 29. Qf5 Qd5 30. Nxg5 Nxg5 0-1


[Site "https://www.chess.com"]

[Event "Titled Tuesday Blitz April 25 Early 2023"]
[White "Jaivardhan Raj"]
[Black "Bashkansky, Ethan"]
[WhiteFideId "25744437"]
[BlackFideId "2071533"]
[WhiteElo "1772"]
[BlackElo "2297"]
[Result "0-1"]
[Round "06"]
[TimeControl "180+2"]
[Date "2023.04.25"]
[WhiteClock "0:00:15"]
[BlackClock "0:00:24"]

1. e4 c6 2. d4 d5 3. Nd2 dxe4 4. Nxe4 Bf5 5. Ng3 Bg6 6. Nf3 Nd7 7. h4 h6 8. h5 Bh7 9. Bd3 Bxd3 10. Qxd3 e6 11. Bd2 Ngf6 12. O-O-O Be7 13. Kb1 O-O 14. Ne4 Nxe4 15. Qxe4 Nf6 16. Qe2 Qd5 17. Be3 Ng4 18. c4 Qe4+ 19. Ka1 Nxe3 20. fxe3 c5 21. Nd2 Qc6 22. g4 Bf6 23. Nf3 Rac8 24. Rc1 Qe4 25. Nd2 Qc6 26. dxc5 Qxc5 27. Ne4 Qe5 28. Nxf6+ Qxf6 29. Rhf1 Qe5 30. Qf3 b6 31. Qb7 Rc7 32. Qf3 Rfc8 33. Kb1 f6 34. b3 a5 35. Qf4 Qc5 36. Qe4 e5 37. Rf5 b5 38. g5 hxg5 39. h6 bxc4 40. Rxc4 Qd6 41. Rxc7 Qxc7 42. Qd5+ Kh7 43. Qd3 Qc1# 0-1


[Site "https://www.chess.com"]

[Event "Titled Tuesday Blitz April 25 Early 2023"]
[White "Blokhin, Sofia"]
[Black "Vargas, Mauricio"]
[WhiteFideId "4508190"]
[BlackFideId "4404572"]
[WhiteElo "1994"]
[BlackElo "1998"]
[Result "1-0"]
[Round "06"]
[TimeControl "180+2"]
[Date "2023.04.25"]
[WhiteClock "0:00:51"]
[BlackClock "0:00:08"]

1. e4 c5 2. Nf3 d6 3. d4 cxd4 4. Nxd4 Nf6 5. Nc3 g6 6. f3 Bg7 7. Be3 O-O 8. Qd2 Bd7 9. O-O-O Nc6 10. Kb1 Rb8 11. g4 a6 12. h4 h5 13. gxh5 Nxh5 14. Nb3 Ne5 15. Be2 b5 16. f4 Nc4 17. Qc1 Ng3 18. Rh2 Nxe2 19. Rxe2 Bg4 20. Rg2 Bxd1 21. Nxd1 Nxe3 22. Qxe3 Rc8 23. h5 d5 24. e5 Rc6 25. f5 d4 26. Qd3 Qd5 27. Rg1 Qxe5 28. fxg6 fxg6 29. hxg6 Rcf6 30. Qh3 1-0


[Site "https://www.chess.com"]

[Event "Titled Tuesday Blitz April 25 Early 2023"]
[White "Steenbekkers, Franck"]
[Black "Sarkar, Justin"]
[WhiteFideId "1004220"]
[BlackFideId "2010011"]
[WhiteElo "2109"]
[BlackElo "2189"]
[Result "1-0"]
[Round "06"]
[TimeControl "180+2"]
[Date "2023.04.25"]
[WhiteClock "0:01:07"]
[BlackClock "0:00:02"]

1. e4 c5 2. Nf3 Nc6 3. Bb5 g6 4. O-O Bg7 5. c3 Nf6 6. Re1 O-O 7. d4 cxd4 8. cxd4 d5 9. e5 Ne4 10. Nc3 Bg4 11. h3 Bxf3 12. Qxf3 Nxd4 13. Qd1 Nxb5 14. Nxb5 Qb6 15. Nd4 Bxe5 16. Be3 Qxb2 17. Rb1 Qxa2 18. Rxb7 e6 19. f3 Nc5 20. Rb5 Nd7 21. Bh6 Rfc8 22. Rb7 Qa4 23. Qxa4 Nc5 24. Qd1 Nxb7 25. Rxe5 1-0


[Site "https://www.chess.com"]

[Event "Titled Tuesday Blitz April 25 Early 2023"]
[White "Maluco_do_Natal_00"]
[Black "Tsyhanchuk, Stanislav"]
[BlackFideId "13505130"]
[WhiteElo "2013"]
[BlackElo "2173"]
[Result "0-1"]
[Round "06"]
[TimeControl "180+2"]
[Date "2023.04.25"]
[WhiteClock "0:00:02"]
[BlackClock "0:00:03"]

1. e4 c5 2. Nf3 d6 3. d4 cxd4 4. Nxd4 Nf6 5. Nc3 a6 6. Be3 e5 7. Nb3 Be6 8. Qd2 Be7 9. f3 Nbd7 10. O-O-O b5 11. g4 Nb6 12. Kb1 Rc8 13. a3 Nfd7 14. Na5 Qc7 15. h4 Nc4 16. Nxc4 bxc4 17. Nd5 Bxd5 18. exd5 c3 19. Qxc3 Qxc3 20. bxc3 Rxc3 21. Rd3 Rxd3 22. Bxd3 a5 23. Bb5 Kd8 24. g5 Kc7 25. Bd2 Ra8 26. a4 Nc5 27. f4 f6 28. Re1 e4 29. Be3 f5 30. Bd4 g6 31. Rh1 Rb8 32. Kc1 Nd7 33. Bc3 Nf8 34. Bxa5+ Kc8 35. h5 Ra8 36. Bb4 Kc7 37. hxg6 hxg6 38. Rh8 Rb8 39. Rg8 Kb6 40. Bc3 Kc7 41. Bg7 Nd7 42. Rxb8 Nxb8 43. Bd4 Nd7 44. Kd2 Bd8 0-1


[Site "https://www.chess.com"]

[Event "Titled Tuesday Blitz April 25 Early 2023"]
[White "Levitan, Caleb Levi"]
[Black "Butolo, Alexandru-Mircea"]
[WhiteFideId "14332620"]
[BlackFideId "1261649"]
[WhiteElo "1963"]
[BlackElo "1861"]
[Result "0-1"]
[Round "06"]
[TimeControl "180+2"]
[Date "2023.04.25"]
[WhiteClock "0:00:06"]
[BlackClock "0:00:17"]

1. e4 c5 2. Nf3 Nc6 3. Nc3 e6 4. d4 cxd4 5. Nxd4 Nf6 6. Nxc6 bxc6 7. Bd3 d5 8. O-O Bd6 9. f4 O-O 10. Kh1 Be7 11. Qf3 Bb7 12. b3 a6 13. Bb2 Qc7 14. Rae1 c5 15. e5 Nd7 16. Qe2 Rae8 17. f5 d4 18. Nd1 exf5 19. Bxf5 Bg5 20. e6 fxe6 21. Bxe6+ Kh8 22. Rxf8+ Rxf8 23. Qg4 Bd2 24. Rg1 Nf6 25. Qe2 Bf4 26. c3 Bxh2 27. Rf1 Bd6 28. cxd4 cxd4 29. Bxd4 Ne4 30. Rxf8+ Bxf8 31. Qf3 Ng3+ 32. Kg1 Bxf3 33. gxf3 Ne2+ 34. Kf2 Nxd4 35. Bd5 Qc2+ 36. Ke3 Qxd1 37. Ke4 Qe2+ 38. Kxd4 Qd2+ 39. Kc4 Qxd5+ 40. Kxd5 h5 41. Kc6 h4 42. Kb6 h3 43. Kxa6 h2 44. b4 h1=Q 45. b5 Qxf3 46. b6 Qa3+ 47. Kb5 Bd6 48. b7 Qb4+ 49. Kc6 Bb8 50. a4 Qxa4+ 51. Kb6 Qb4+ 52. Ka6 Qxb7+ 53. Kxb7 g5 54. Kc6 g4 55. Kd7 g3 56. Ke6 g2 57. Kf7 g1=Q 58. Kf8 Qg7+ 59. Ke8 Bd6 60. Kd8 Qe7+ 0-1


[Site "https://www.chess.com"]

[Event "Titled Tuesday Blitz April 25 Early 2023"]
[White "Nery Junior, Jose Antonio"]
[Black "Mammadov, Ziya"]
[WhiteFideId "2104822"]
[BlackFideId "13418890"]
[WhiteElo "2197"]
[BlackElo "1583"]
[Result "1-0"]
[Round "06"]
[TimeControl "180+2"]
[Date "2023.04.25"]
[WhiteClock "0:00:34"]
[BlackClock "0:00:12"]

1. e4 e6 2. d4 d5 3. Nd2 dxe4 4. Nxe4 Nd7 5. Nf3 Ngf6 6. Nxf6+ Nxf6 7. Bd3 c5 8. Qe2 cxd4 9. O-O Be7 10. Bf4 a6 11. Rad1 O-O 12. Nxd4 g6 13. Bh6 Re8 14. c3 b5 15. Nc6 Qc7 16. Nxe7+ Qxe7 17. Qf3 Bb7 18. Qf4 Nd5 19. Qg3 Rad8 20. Bg5 f6 21. Bh6 Qf7 22. Rfe1 f5 23. Bg5 Rc8 24. h4 Qg7 25. Qd6 Qf7 26. a4 Nf6 27. axb5 Rcd8 28. Qe5 Ng4 29. Qe2 Rd5 30. bxa6 Ba8 31. Bc4 Re5 32. Qd3 Qc7 33. Rxe5 Nxe5 34. Qg3 Qxc4 35. Qxe5 Qxa6 36. Rd7 Qa1+ 37. Kh2 1-0


[Site "https://www.chess.com"]

[Event "Titled Tuesday Blitz April 25 Early 2023"]
[White "Prado, Alexandra"]
[Black "Fuzesabonyilaci"]
[WhiteFideId "3301346"]
[WhiteElo "1759"]
[BlackElo "2315"]
[Result "0-1"]
[Round "06"]
[TimeControl "180+2"]
[Date "2023.04.25"]
[WhiteClock "0:00:11"]
[BlackClock "0:00:12"]

1. e4 e5 2. Nf3 Nc6 3. Bc4 Nf6 4. O-O h6 5. d4 exd4 6. e5 d5 7. exf6 dxc4 8. Re1+ Be6 9. fxg7 Bxg7 10. Nbd2 c3 11. Ne4 Qe7 12. bxc3 O-O-O 13. cxd4 Nxd4 14. Rb1 Rhe8 15. Nxd4 Bxd4 16. Qe2 Bxa2 17. Rb5 Qh4 18. g3 Qh3 19. Qf1 Qd7 20. Bxh6 Bd5 21. Rxd5 Qxd5 22. Nf6 Bxf6 23. Bf4 Rxe1 24. Qxe1 Qd1 25. Qxd1 Rxd1+ 26. Kg2 a5 0-1


[Site "https://www.chess.com"]

[Event "Titled Tuesday Blitz April 25 Early 2023"]
[White "Zavortink, Matt"]
[Black "Sohier, Julien"]
[WhiteFideId "2034263"]
[BlackFideId "645346"]
[WhiteElo "2459"]
[BlackElo "2209"]
[Result "1-0"]
[Round "06"]
[TimeControl "180+2"]
[Date "2023.04.25"]
[WhiteClock "0:00:20"]
[BlackClock "0:00:21"]

1. c4 e5 2. Nc3 Bb4 3. Nd5 Na6 4. Nf3 e4 5. Nd4 Nf6 6. Nxb4 Nxb4 7. g3 O-O 8. Bg2 d5 9. cxd5 Qxd5 10. Nb3 a5 11. a3 Nc6 12. d3 Be6 13. Nd2 Bh3 14. Bxh3 exd3 15. O-O dxe2 16. Qxe2 Nd4 17. Qd3 Rfe8 18. Bg2 Ne2+ 19. Qxe2 Qxg2+ 20. Kxg2 Rxe2 21. Nb3 b6 22. Nd4 Re4 23. Be3 c5 24. Nc2 a4 25. Rac1 h5 26. Rfe1 Rae8 27. Bg5 Nd5 28. Rxe4 Rxe4 29. Ne3 Nc7 30. Bf4 Nb5 31. Kf3 Rd4 32. Rd1 f6 33. Rxd4 Nxd4+ 34. Ke4 Kf7 35. Bc7 b5 36. Kd5 Nf3 37. h4 c4 38. Kc5 g5 39. hxg5 fxg5 40. Kxb5 h4 41. gxh4 gxh4 42. Kxc4 Ke6 43. Kb4 h3 44. Kxa4 Ne5 45. Bxe5 Kxe5 46. b4 Ke4 47. Nf1 Kf3 48. b5 Kxf2 49. Nh2 Kg2 50. b6 Kxh2 51. b7 Kg2 52. b8=Q h2 53. Qb7+ Kg1 54. Qh7 h1=Q 55. Qxh1+ Kxh1 56. Kb5 1-0


[Site "https://www.chess.com"]

[Event "Titled Tuesday Blitz April 25 Early 2023"]
[White "Dzhaparov, Medet"]
[Black "Pavlidis, Anastasios"]
[WhiteFideId "13803689"]
[BlackFideId "4208404"]
[WhiteElo "1690"]
[BlackElo "2210"]
[Result "1/2-1/2"]
[Round "06"]
[TimeControl "180+2"]
[Date "2023.04.25"]
[WhiteClock "0:00:24"]
[BlackClock "0:02:12"]

1. e4 c6 2. d4 d5 3. exd5 cxd5 4. Nf3 Nf6 5. h3 Nc6 6. Bb5 Qa5+ 7. Nc3 Ne4 8. Bxc6+ bxc6 9. Bd2 Nxd2 10. Qxd2 e6 11. O-O Bb4 12. a3 Bxc3 13. Qxc3 Qxc3 14. bxc3 Ba6 15. Rfe1 Ke7 16. Ne5 Rhc8 17. Rab1 f6 18. Nd3 Bxd3 19. cxd3 Rab8 20. Rb4 a5 21. Ra4 Rb5 22. c4 Rb3 23. Rxa5 Rc7 24. cxd5 cxd5 25. Ra6 Rxd3 26. Raxe6+ Kf7 27. a4 Rxd4 28. a5 Ra4 29. a6 Ra7 30. Rd6 R4xa6 31. Rxd5 Re6 32. Rxe6 Kxe6 33. Rc5 g6 34. Rc6+ Kf7 35. Kh2 h5 36. h4 Ra3 37. f3 Ra4 38. Kg3 Rb4 39. Rc7+ Ke6 40. Rg7 Kf5 41. Ra7 g5 42. Ra5+ Kg6 43. hxg5 fxg5 44. Ra6+ Kf5 45. Kh3 Rb3 46. Ra5+ Kg6 47. Kh2 h4 48. Ra6+ Kh5 49. Ra5 Rb4 50. g3 Rb2+ 51. Kh3 hxg3 52. Kxg3 Rb4 53. Ra8 Rf4 54. Rh8+ Kg6 55. Rg8+ Kh6 56. Rh8+ Kg7 57. Ra8 Kg6 58. Ra6+ Rf6 59. Rxf6+ Kxf6 60. Kg4 Kg6 61. f4 gxf4 62. Kxf4 1/2-1/2


[Site "https://www.chess.com"]

[Event "Titled Tuesday Blitz April 25 Early 2023"]
[White "Kohler, Aran"]
[Black "Kiseleva, Arina"]
[WhiteFideId "1002856"]
[BlackFideId "4164989"]
[WhiteElo "2279"]
[BlackElo "1708"]
[Result "1-0"]
[Round "06"]
[TimeControl "180+2"]
[Date "2023.04.25"]
[WhiteClock "0:00:26"]
[BlackClock "0:00:02"]

1. d4 Nf6 2. c3 e6 3. Bg5 Be7 4. Nd2 d5 5. e3 Nbd7 6. f4 c5 7. Bd3 h6 8. Bh4 Qc7 9. Nh3 b6 10. O-O Bb7 11. f5 e5 12. dxe5 Nxe5 13. Bg3 Bd6 14. Bxe5 Bxe5 15. Bb5+ Bc6 16. Bxc6+ Qxc6 17. Nf4 O-O-O 18. a4 Kb8 19. Nd3 Bc7 20. b4 d4 21. cxd4 cxd4 22. e4 Nxe4 23. Qf3 Rhe8 24. Rfe1 Qd6 25. Nxe4 Qxh2+ 26. Kf2 Qh4+ 27. g3 Qe7 28. Nec5 bxc5 29. Rxe7 Rxe7 30. Nxc5 Bb6 31. Qf4+ Kc8 32. Rc1 1-0


[Site "https://www.chess.com"]

[Event "Titled Tuesday Blitz April 25 Early 2023"]
[White "dDobravcan"]
[Black "Grave, Jacob Templen"]
[BlackFideId "1542656"]
[WhiteElo "2142"]
[BlackElo "2189"]
[Result "0-1"]
[Round "06"]
[TimeControl "180+2"]
[Date "2023.04.25"]
[WhiteClock "0:00:04"]
[BlackClock "0:00:12"]

1. d4 d5 2. Nc3 Nf6 3. Bf4 a6 4. e3 Bf5 5. f3 e6 6. g4 Bg6 7. h4 h5 8. g5 Nfd7 9. Bd3 Bxd3 10. Qxd3 g6 11. O-O-O c5 12. e4 Nb6 13. exd5 Nxd5 14. Be5 c4 15. Qxc4 Rg8 16. Nxd5 exd5 17. Qe2 Be7 18. Nh3 Nc6 19. Bf6 Kf8 20. Bxe7+ Qxe7 21. Qd2 Kg7 22. Nf4 Qd6 23. Rhe1 Rge8 24. a3 Rac8 25. Kb1 Ne7 26. Nd3 Nf5 27. Ne5 Nxh4 28. Qf4 Nf5 29. Rh1 Rc7 30. c3 Rce7 31. Rh3 Rxe5 32. dxe5 Qxe5 33. Qxe5+ Rxe5 34. f4 Re4 35. Rf3 d4 36. cxd4 Nxd4 37. Rfd3 Ne6 38. f5 gxf5 39. Rd7 b5 40. Ra7 Kg6 41. Rd6 h4 0-1


[Site "https://www.chess.com"]

[Event "Titled Tuesday Blitz April 25 Early 2023"]
[White "Sovetbekova, Nurai"]
[Black "Flis, Pawel"]
[WhiteFideId "13801910"]
[BlackFideId "1112864"]
[WhiteElo "1857"]
[BlackElo "1822"]
[Result "1-0"]
[Round "06"]
[TimeControl "180+2"]
[Date "2023.04.25"]
[WhiteClock "0:00:50"]
[BlackClock "0:00:02"]

1. d4 c5 2. d5 Nf6 3. c4 b5 4. cxb5 a6 5. e3 axb5 6. Bxb5 Qa5+ 7. Nc3 Bb7 8. Bd2 Qb6 9. a4 Nxd5 10. Nf3 e6 11. O-O Be7 12. Qe2 O-O 13. e4 Nxc3 14. Bxc3 d5 15. exd5 Bxd5 16. Rfd1 Bd6 17. Ne5 Qb7 18. f3 Na6 19. Nc4 Be7 20. Ne3 Nc7 21. Nxd5 Nxd5 22. Rac1 Nxc3 23. Rxc3 Rad8 24. Rcd3 Rxd3 25. Rxd3 Rd8 26. Qd2 Rxd3 27. Qxd3 Qc7 28. Qd7 Qxd7 29. Bxd7 Bd8 30. Kf2 Kf8 31. Ke3 Ke7 32. Bb5 Kd6 33. Kd3 f5 34. Kc4 Ba5 35. Be8 g5 36. Kb5 Be1 37. a5 Ke7 38. a6 c4 39. a7 Kxe8 40. a8=Q+ Ke7 41. Kxc4 Kf6 42. Qh8+ Kg6 43. b4 g4 44. fxg4 fxg4 45. Qg8+ 1-0


[Site "https://www.chess.com"]